 Dungeon Crawl Stone Soup version 0.27-a0-679-g77a6b55cf3 (webtiles) character file.

Game seed: 17931388279320186859

8 DarkShadow the Grave Robber (level 1, 0/14 HPs)
             Began as a Demigod Necromancer on Mar 19, 2021.
             Slain by an ooze (1 damage)
             ... on level 1 of the Dungeon.
             The game lasted 00:02:42 (460 turns).

DarkShadow the Grave Robber (Demigod Necromancer)    Turns: 460, Time: 00:02:42

Health: 0/14       AC:  2    Str:  9    XL:     1   Next: 80%
Magic:  2/5        EV: 12    Int: 17    God:
Gold:   0          SH:  0    Dex: 14    Spells: 2/3 levels left

rFire    + . .     SeeInvis .   (no weapon)
rCold    + . .     Faith    +   (no shield)
rNeg     . . .     Spirit   .   a - +0 robe
rPois    +         Reflect  .   (no helmet)
rElec    +         Harm     .   (no cloak)
rCorr    +         Rampage  .   (no gloves)
Will     .....                  (no boots)
Stlth    ++........             b - amulet of faith
HPRegen  0.04/turn              (no ring)
MPRegen  0.09/turn              (no ring)

@: resistant
A: high mp 1, forlorn
a: no special abilities


You were on level 1 of the Dungeon.
You visited 1 branch of the dungeon, and saw 1 of its levels.

Inventory:

Missiles
 d - 24 arrows
Armour
 a - a +0 robe (worn)
Jewellery
 b - an amulet of faith (around neck)
Potions
 c - a potion of resistance


   Skills:
 + Level 1.8 Dodging
 + Level 1.8 Stealth
 + Level 1.9 Spellcasting
 + Level 3.9 Necromancy


You had 2 spell levels left.
You knew the following spells:

 Your Spells              Type           Power      Damage    Failure   Level
a - Pain                  Necr           60%        1d7       4%          1

Your spell library contained the following spells:

 Spells                   Type           Power      Damage    Failure   Level
 Animate Skeleton         Necr           30%        N/A       4%          1
 Vampiric Draining        Necr           7%         2d7       12%         3
 Animate Dead             Necr           7%         N/A       36%         4
 Agony                    Necr           15%        N/A       73%         5


Dungeon Overview and Level Annotations

Branches:
Dungeon (1/15)


Innate Abilities, Weirdness & Mutations

Your attributes grow dramatically as you level up.
You have an increased reservoir of magic. (+10% MP)
You shall have no god before yourself.


Message History

Aim: an ooze (lightly wounded, chance to affect: 73%)
You miscast Pain.
You are very lightly contaminated with residual magic.
Nothing appears to happen.
The ooze hits you.
It was a potion of resistance.
You feel protected. The ooze hits you.
Casting: Pain (safe; 4% risk of failure)
Confirm with . or Enter, or press ? or * to list all spells.
Aiming: Pain (safe; 4% risk of failure)
Press: ? - help, Shift-Dir - straight line, f/p - ooze
Aim: an ooze (lightly wounded, chance to affect: 73%)
The ooze writhes in agony.
The ooze closely misses you.
Your magical contamination has completely faded away.
You hit the ooze but do no damage.
The ooze is heavily wounded.
The ooze closely misses you.
You hit the ooze but do no damage.
The ooze is heavily wounded.
The ooze misses you.
You barely miss the ooze.
The ooze is heavily wounded.
The ooze hits you.
* * * LOW HITPOINT WARNING * * *
You hit the ooze but do no damage.
The ooze is heavily wounded.
The ooze misses you.
You hit the ooze.
The ooze is heavily wounded.
The ooze barely misses you.
You hit the ooze but do no damage.
The ooze is heavily wounded.
The ooze misses you.
You hit the ooze.
The ooze is severely wounded.
The ooze hits you but does no damage.
You hit the ooze but do no damage.
The ooze is severely wounded.
The ooze hits you.
You die...

...###..........#
...J...†............
..#####(............
##............
#......###.$.. .
#......# .... #..
##......# ###
#..#.J.....#.
#...@.......
......#......###
...##.........# ##
####....... .......
#...... ......
#.....


You could see an ooze.

Vanquished Creatures
  A giant cockroach (D:1)
  4 jackals (D:1)
  A kobold (D:1)
6 creatures vanquished.

Notes
Turn   | Place    | Note
-------+----------+-------------------------------------------
     0 | D:1      | DarkShadow the Demigod Necromancer began the quest for the
                  | Orb.
     0 | D:1      | Reached XP level 1. HP: 14/14 MP: 5/5
   460 | D:1      | Slain by an ooze

Illustrated notes

Levels and vault maps discovered:
D:1:      dpeg_arrival_water_altar, layout_rooms, hangedman_decor_points,
          minmay_tromino_v4_c

Action                   || total
-------------------------++-------
Melee: Unarmed           ||     8
 Cast: Pain              ||    12
  Use: Potion            ||     1
Armor: Robe              ||     1
Dodge: Dodged            ||    10

Table legend: (Time is in decaauts)
 A = Elapsed time spent in this place.
 B = Non-inter-level travel time spent in this place.
 C = Inter-level travel time spent in this place.
 D = Time resting spent in this place.
 E = Time spent auto-exploring this place.
 F = Levels seen in this place.
 G = Mean time per level.
                   A        B        C        D        E       F      G
               +--------+--------+--------+--------+--------+-----+--------+
         Total |    460 |    460 |      0 |    360 |      0 |   1 |  460.0 |
       Dungeon |    460 |    460 |      0 |    360 |      0 |   1 |  460.0 |
               +--------+--------+--------+--------+--------+-----+--------+

Top non-repeatable levels by time:
     D:1: 460 daAuts
